 Dungeon Crawl Stone Soup version 0.18-a0-1702-gd20c6a5 (webtiles) character file.

111 HeOfManyNames the Insei (level 4, -3/35 HPs)
             Began as a Mummy Monk on Apr 7, 2016.
             Slain by an orc priest
             ... wielding a +0 hand axe
              (8 damage)
             ... on level 3 of the Dungeon.
             The game lasted 00:03:27 (3792 turns).

HeOfManyNames the Insei (Mummy Monk)                Turns: 3792, Time: 00:03:28

Health: -3/35      AC:  2    Str: 14    XL:     4   Next: 62%
Magic:  4/4        EV: 12    Int:  9    God:
Gold:   161        SH:  4    Dex: 15    Spells: 0 memorised, 3 levels left

rFire  x . .     SeeInvis .       - Unarmed
rCold  + . .     Gourm    .     (no armour)
rNeg   + + +     Faith    .     i - +0 buckler
rPois  ∞         Spirit   .     d - +0 helmet
rElec  .         Dismiss  .     (no cloak)
rCorr  .         Reflect  .     l - +0 pair of gloves
SustAt .         Harm     .     (no boots)
MR     .....                    (no amulet)
Stlth  ++........               (no ring)
                                (no ring)

@: not resistant to hostile enchantments, unstealthy
A: no food or potions, fire vulnerability, cold resistance 1, negative energy
resistance 3, torment resistance, unbreathing
a: no special abilities


You were on level 3 of the Dungeon.
You were not hungry.

You visited 1 branch of the dungeon, and saw 3 of its levels.

You collected 161 gold pieces.


Innate Abilities, Weirdness & Mutations

You do not eat or drink.
Your flesh is vulnerable to fire.
You are immune to poison.
Your flesh is cold resistant.
You are immune to negative energy.
You are immune to unholy pain and torment.
You can survive without breathing.


   Skills:
 - Level 3.0 Fighting
 - Level 2.4 Dodging
 - Level 1.5 Stealth
 + Level 2.1 Shields
 - Level 4.4 Unarmed Combat


You had 3 spell levels left.
You didn't know any spells.

Inventory:

Armour
 d - a +0 helmet (worn)
 i - a +0 buckler (worn)
 l - a +0 pair of gloves (worn)
Scrolls
 a - a scroll of magic mapping {unknown}
 b - 2 scrolls of enchant armour {unknown}
 c - 4 scrolls of remove curse {unknown}
 e - 3 scrolls of identify {unknown}
 f - a scroll of amnesia {unknown}
 g - 2 scrolls of random uselessness {unknown}
 h - a scroll of immolation {unknown}
 j - 2 scrolls of enchant weapon {unknown}
 k - a scroll of fog {unknown}
 m - a scroll of blinking {unknown}
 n - a scroll of noise {unknown}

Dungeon Overview and Level Annotations

Branches:
Dungeon (3/15)

Altars:
Nemelex Xobeh

Annotations:
D:3 grom234's ghost, amateur CeFi

<▒ ▒.▒ ▒.<▒ .▒ ▒▒
▒.▒ ▒..▒ .▒▒ ▒.▒
▒..▒▒▒.▒▒▒▒ ▒ ..▒▒
▒.▒ ▒.......... o
...▒▒ ▒.▒
▒▒▒▒.▒▒▒▒▒▒▒▒▒ ▒
....▒▒▒▒▒.▒ ▒....▒
▒ ..........▒▒▒
▒S▒▒▒▒ ▒
.........o..▒▒▒o▒▒
▒▒▒▒▒▒▒▒▒▒
.....▒▒▒▒▒▒.▒▒.▒M▒▒
▒.o...oo).
..▒..▒▒▒▒▒▒.o)▒▒▒.▒
▒.▒▒▒▒▒▒▒▒
.▒.........▒▒▒.▒..▒
▒o▒ ▒▒...▒▒▒▒▒.▒
▒▒)▒.▒ ▒.▒ ▒▒...▒
▒.▒ ▒.▒.▒ ▒o▒
...%.▒ ▒.▒ ▒.▒.▒
▒.▒ ▒▒▒..▒ ▒.▒
▒.▒.▒▒▒▒▒▒.▒▒ ▒
▒..▒ ▒.▒
▒.....o.o...▒
▒▒▒..▒ ▒.▒
▒▒▒....▒▒▒..▒


You could see an orc priest and an adder.


Message History

You pummel the orc priest like a punching bag!!!
The orc priest is severely wounded!
The orc priest hits you with a hand axe! * * * don't die
* * * You closely miss the orc priest!
The orc priest is severely wounded!
The orc priest calls down the wrath of Beogh upon you!
You are unaffected!
You beat the orc priest into a bloody pulp!
The orc priest is almost dead!
You squash the orc priest like an ant!
The orc priest is almost dead!
The orc priest closely misses you!
You pulverise the orc priest but do no damage!
The orc priest is almost dead!
The orc priest barely misses you!
You closely miss the orc priest!
The orc priest is almost dead!
The orc priest hits you but does no damage!
You beat the orc priest but do no damage!
The orc priest is almost dead!
The orc priest hits you with a hand axe! * * * don't die
* * * You pulverise the orc priest!
The orc priest is almost dead!
You block the orc priest's attack!
Your shield prevents you from hitting the orc priest!
The orc priest is almost dead!
The orc priest hits you with a hand axe!!! rip

Action                   |  1- 3 |  4- 6 || total
-------------------------+-------+-------++-------
Melee: Unarmed           |   144 |   111 ||   255
 Stab: Sleeping          |     2 |     1 ||     3

Vault maps used:
D:1:      lightli_arrival_statue_moat
D:3:      lemuel_round_altar, first_bread, uniq_iyjb

Notes
Turn   | Place    | Note
--------------------------------------------------------------
     0 | D:1      | HeOfManyNames the Mummy Monk began the quest for the Orb.
     0 | D:1      | Reached XP level 1. HP: 18/18 MP: 1/1
   431 | D:1      | Reached XP level 2. HP: 23/24 MP: 2/2
   789 | D:1      | Reached skill level 4 in Unarmed Combat
  1087 | D:1      | Reached XP level 3. HP: 22/29 MP: 3/3
  1752 | D:3      | Found a sparkling altar of Nemelex Xobeh.
  1816 | D:3      | Noticed grom234's ghost (amateur CeFi)
  2196 | D:3      | Noticed Ijyb
  2212 | D:3      | Killed Ijyb
  2212 | D:3      | Reached skill level 1 in Shields
  2212 | D:3      | Reached XP level 4. HP: 26/35 MP: 4/4
  3753 | D:3      | Reached skill level 2 in Shields
  3792 | D:3      | Slain by an orc priest

Vanquished Creatures
  Ijyb (D:3)
  An adder (D:3)
  An ooze (D:2)
  2 giant geckos
  6 orcs (D:3)
  4 giant cockroaches
  7 goblins
  8 hobgoblins
  6 jackals
  8 kobolds
  2 ball pythons
  8 bats
  A giant newt (D:1)
  7 rats
62 creatures vanquished.
